 Dungeon Crawl Stone Soup version 0.22-a0-467-g5c5de1c (webtiles) character file.

912 iamserjio the Sneak (level 8, -4/54 HPs)
             Began as an Octopode Assassin on June 10, 2018.
             Was an Initiate of Gozag.
             Splashed by a jelly's acid (9 damage)
             ... on level 4 of the Dungeon.
             The game lasted 00:12:27 (5454 turns).

iamserjio the Sneak (Octopode Assassin)             Turns: 5454, Time: 00:12:27

Health: -4/54      AC:  1    Str: 11    XL:     8   Next: 9%
Magic:  8/8        EV: 15    Int: 13    God:    Gozag
Gold:   269        SH:  6    Dex: 15    Spells: 7/7 levels left

rFire    . . .     SeeInvis .   a - +2 dagger
rCold    . . .     Gourm    .   y - +1 buckler
rNeg     . . .     Faith    .   (helmet restricted)
rPois    .         Spirit   .   s - amulet of the acrobat
rElec    .         Reflect  .   (no ring)
rCorr    .         Harm     .   (no ring)
MR       .....                  (no ring)
Stlth    +++++.....             (no ring)
HPRegen  0.18/turn              (no ring)
MPRegen  0.11/turn              (no ring)
                                (no ring)
                                (no ring)

@: no status effects
A: almost no armour, stealthy swim, amphibious, 8 rings, constrict 8, camouflage
1, gelatinous body 1
a: Potion Petition, Call Merchant, Bribe Branch, Renounce Religion


You were on level 4 of the Dungeon.
You worshipped Gozag.
Gozag was aware of your devotion.
You were hungry.

You visited 2 branches of the dungeon, and saw 6 of its levels.

You collected 344 gold pieces.
You paid 75 gold pieces to Gozag.

Inventory:

Hand Weapons
 a - a +2 dagger (weapon)
 b - a +0 blowgun
 k - a +0 short sword
 o - a +0 hunting sling
 x - a +0 long sword
 A - a +2 flail of protection
 B - a cursed +0 short sword
Missiles
 c - 25 poisoned needles
 g - 2 throwing nets
 n - 85 sling bullets
 p - 90 stones (quivered)
Armour
 y - a +1 buckler (worn)
Jewellery
 j - a cursed ring of ice {unknown}
 s - an amulet of the acrobat (around mantle)
 w - a +3 ring of strength {unknown}
 H - an uncursed ring of see invisible {unknown}
Scrolls
 e - 2 scrolls of magic mapping
 h - 2 scrolls of enchant weapon {unknown}
 t - a scroll of fog
 u - a scroll of remove curse {unknown}
 G - a scroll of teleportation {unknown}
Potions
 i - a potion of brilliance {unknown}
 l - a potion of cancellation {unknown}
 m - 2 potions of heal wounds {unknown}
 q - a potion of haste {unknown}
 r - a potion of flight {unknown}
 v - a potion of mutation {unknown}
 z - a potion of berserk rage {unknown}
 C - a potion of resistance {unknown}
 D - a potion of lignification {unknown}
 E - a potion of degeneration {unknown}
 F - 2 potions of invisibility {unknown}
Comestibles
 f - 9 rations


   Skills:
 + Level 4.1 Fighting
 * Level 5.5 Short Blades
 - Level 2.0 Throwing
 + Level 3.7 Dodging
 + Level 7.6 Stealth
 + Level 2.8 Shields


You had 7 spell levels left.
You didn't know any spells.
Your spell library was empty.

Dungeon Overview and Level Annotations

Branches:
Dungeon (5/15)             Temple (1/1) D:4

Altars:
Ashenzari
Cheibriados
Dithmenos
Elyvilon
Fedhas
Gozag
Nemelex Xobeh
Okawaru
Qazlal
Trog
Uskayaw
Xom
Zin

Shops:
D:4 }

Annotations:
D:3 exclusions: 3 doors and 1 more exclusion
D:5 Sigmund


Innate Abilities, Weirdness & Mutations

You cannot wear most types of armour.
You are very stealthy in the water. (Stealth+)
You are amphibious.
You can wear up to eight rings at the same time.
You can use your tentacles to constrict eight enemies at once.
Your skin changes colour to match your surroundings (Stealth+).
Your rubbery body absorbs attacks. (AC +1, EV +1)


Message History

The jelly hits you.
* * * LOW HITPOINT WARNING * * *
You are splashed with acid!
The acid burns!
* * * LOW HITPOINT WARNING * * *
Press: ? - help, v - describe, . - travel
Here: a jelly (severely wounded)
The floor.
Unknown command.
You aren't carrying any items that you can evoke.
Unknown command.
You are feeling hungry.
You hit the jelly.
Your tentacles burn!
* * * LOW HITPOINT WARNING * * *
Your squeeze misses the jelly.
The jelly is almost dead.
The jelly hits you.
* * * LOW HITPOINT WARNING * * *
You are splashed with acid!
The acid burns!
You die...
Your body crumbles into a pile of gold.

#.#..##.#.##.....#.).#.......#
#.......#.##.[...##.##########
###..........>....#.#
#.##..#.#..#.##.#.#
#.##..#.#..#.##.#.#
#.......#..#......#
#.###.#......##.###
#.......#..#.##.#
####.........@J.# #
#.##......#### ##
#######.##.##.#### #####.
.....##.##.......# #.....
####.##.#####....# #####.####
# #.##.#####....# #.......## #
#..#..........# #.##.....#
#####.########...# #.##.#.#.#
...##.### #...# #.#...∩..#


You could see a jelly.

Vanquished Creatures
  Grinder (D:3)
  Edmund (D:5)
  3 ogres (D:4)
  A howler monkey (D:4)
  2 orc wizards (D:3)
  An iguana (D:4)
  A worker ant (D:5)
  3 gnolls (D:5)
  7 adders
  3 worms
  4 dart slugs
  3 leopard geckos
  16 orcs
  A ball python (D:2)
  8 giant cockroaches
  10 goblins
  8 hobgoblins
  3 bats (D:1)
  5 frilled lizards
  3 kobolds
  A rat (D:3)
85 creatures vanquished.

Notes
Turn   | Place    | Note
-------+----------+-------------------------------------------
     0 | D:1      | iamserjio the Octopode Assassin began the quest for the Orb.
     0 | D:1      | Reached XP level 1. HP: 14/14 MP: 1/1
   104 | D:1      | Reached XP level 2. HP: 17/19 MP: 2/2
   587 | D:1      | Reached XP level 3. HP: 24/24 MP: 3/3
  1557 | D:2      | Reached XP level 4. HP: 10/30 MP: 4/4
  2406 | D:3      | Noticed Grinder
  2510 | D:3      | Reached skill level 6 in Stealth
  2602 | D:3      | Found a snail-covered altar of Cheibriados.
  2697 | D:3      | Found a shattered altar of Ashenzari.
  2875 | D:3      | Reached XP level 5. HP: 25/36 MP: 5/5
  3256 | D:3      | Found an iron altar of Okawaru.
  3712 | D:4      | Noticed an ogre
  3714 | D:4      | Killed an ogre
  3714 | D:4      | Reached skill level 1 in Shields
  3714 | D:4      | Reached XP level 6. HP: 42/42 MP: 6/6
  3978 | D:4      | Found Wuss's Gadget Emporium.
  4006 | D:4      | Reached XP level 7. HP: 33/46 MP: 7/7
  4303 | D:4      | Found a staircase to the Ecumenical Temple.
  4316 | Temple   | Entered the Ecumenical Temple
  4337 | Temple   | Became a worshipper of Gozag Ym Sagoz the Greedy
  4384 | D:4      | Reached skill level 7 in Stealth
  4678 | D:3      | Killed Grinder
  4678 | D:3      | Reached skill level 5 in Short Blades
  4950 | D:5      | Entered Level 5 of the Dungeon
  4962 | D:5      | Noticed Edmund
  5145 | D:5      | Killed Edmund
  5145 | D:5      | Reached XP level 8. HP: 46/54 MP: 8/8
  5173 | D:5      | Noticed Sigmund
  5454 | D:4      | Splashed by a jelly's acid

Vault maps used:
D:1:      dpeg_arrival_rooms_a
D:2:      first_ration, guppyfry_early_orc_mine
D:3:      lemuel_crystal_altar, ashenzari_altar_1, old_standard_altar,
          uniq_grinder
D:4:      minmay_temple_entry_trees, serial_shops, nicolae_shop_crystal
D:5:      basic_altar, uniq_edmund, uniq_sigmund
Temple:   eino_narrow_crystal_temple

Skill      XL: |  1  2  3  4  5  6  7 |
---------------+----------------------+-----
Short Blades   | 3 4 5 |  5.5
Stealth        | 6 7 |  7.6
Dodging        | 2 3 |  3.7
Fighting       | 3 4 |  4.1
Shields        | 1 2 |  2.8
Throwing       | |  2.0

Action                   |  1- 3 |  4- 6 |  7- 9 || total
-------------------------+-------+-------+-------++-------
Melee: Dagger            |    50 |    94 |    48 ||   192
       Constrict         |    11 |    27 |     7 ||    45
       Tentacles         |     7 |    18 |    11 ||    36
 Fire: Blowgun           |       |       |    13 ||    13
Throw: Stone             |     4 |     1 |     1 ||     6
  Use: Scroll            |       |       |     5 ||     5
 Stab: Sleeping          |     8 |    12 |     4 ||    24
       Distracted        |     1 |     1 |       ||     2
  Eat: Chunk             |     1 |     8 |     1 ||    10
       Ration            |       |       |     1 ||     1
Armor: Skin              |     1 |     1 |     1 ||     3
Dodge: Dodged            |    26 |    38 |    20 ||    84
Block: Buckler           |       |     3 |    13 ||    16

Table legend:
 A = Spawn XP
 B = Non-spawn XP
 C = Spawn XP percentage of total XP
 D = Spawn monster count
 E = Non-spawn monster count
 F = Spawn count percentage of total count
 G = Total turns spent on level
                    A         B        C        D         E        F      G
               +---------+---------+-------+---------+---------+-------+---------
         Total |       0 |    1304 |   0.0 |       0 |      85 |   0.0 |  5454
               +---------+---------+-------+---------+---------+-------+---------
           D:1 |       0 |      42 |   0.0 |       0 |      19 |   0.0 |   914
           D:2 |       0 |      74 |   0.0 |       0 |      22 |   0.0 |  1535
           D:3 |       0 |     389 |   0.0 |       0 |      18 |   0.0 |  1630
           D:4 |       0 |     539 |   0.0 |       0 |      18 |   0.0 |  1050
           D:5 |       0 |     260 |   0.0 |       0 |       8 |   0.0 |   288
               +---------+---------+-------+---------+---------+-------+---------
